 Dungeon Crawl Stone Soup version 0.22-a0-772-gac08f70 (webtiles) character file.

31143 iamserjio the Grappler (level 13, -7/89 HPs)
             Began as an Octopode Wanderer on July 17, 2018.
             Was a High Priest of Makhleb.
             Killed by divine providence
             ... invoked by Saint Roka
              (13 damage)
             ... on level 2 of the Orcish Mines.
             The game lasted 01:22:51 (23709 turns).

iamserjio the Grappler (Octopode Wanderer)         Turns: 23709, Time: 01:22:52

Health: -7/89      AC:  3    Str: 17    XL:     13   Next: 56%
Magic:  14/21      EV: 23    Int: 20    God:    Makhleb [*****.]
Gold:   1466       SH:  0    Dex: 14    Spells: 9/26 levels left

rFire    + . .     SeeInvis .     - Unarmed
rCold    x . .     Gourm    .   (shield currently unavailable)
rNeg     . . .     Faith    .   (helmet restricted)
rPois    +         Spirit   .   y - amulet of the acrobat
rElec    .         Reflect  .   Y - ring of protection from magic
rCorr    .         Harm     .   i - +4 ring of evasion
MR       +....                  z - ring of poison resistance
Stlth    +++++.....             (no ring)
HPRegen  0.24/turn              T - +5 ring of intelligence
MPRegen  0.17/turn              P - ring of fire
                                (no ring)
                                (no ring)

@: blade tentacles, very slightly contaminated
A: almost no armour, stealthy swim, amphibious, 8 rings, constrict 8, tentacle
spike 1, thin metallic scales 1, camouflage 1, agile 1, low mp 1, strong 1, wild
magic 1, gelatinous body 1
a: End Transformation, Minor Destruction, Lesser Servant of Makhleb, Major
Destruction, Greater Servant of Makhleb, Renounce Religion


You were on level 2 of the Orcish Mines.
You worshipped Makhleb.
Makhleb was extremely pleased with you.
You were not hungry.
You had blades for tentacles.
You visited 3 branches of the dungeon, and saw 17 of its levels.

You collected 1700 gold pieces.
You spent 234 gold pieces at shops.

Inventory:

Missiles
 e - a throwing net {!f}
 o - 283 stones (quivered)
 p - 156 arrows
Armour
 S - a +0 buckler
Jewellery
 i - a +4 ring of evasion (right scythe-like blade)
 y - an amulet of the acrobat (around mantle)
 z - a ring of poison resistance (on tentacle)
 I - an uncursed ring of ice
 P - a ring of fire (on tentacle)
 T - a +5 ring of intelligence (on tentacle)
 Y - a ring of protection from magic (left scythe-like blade)
Wands
 g - a wand of polymorph (12)
 h - a wand of acid (1)
 Q - a wand of paralysis (2)
 W - a wand of flame (34)
Scrolls
 f - 3 scrolls of teleportation
 k - 2 scrolls of remove curse {@r2}
 n - 4 scrolls of enchant weapon {unknown}
 s - 5 scrolls of enchant armour
 t - 2 scrolls of fear
 v - 4 scrolls of amnesia {unknown}
 x - a scroll of blinking {unknown}
 E - a scroll of random uselessness {unknown}
 H - a scroll of vulnerability {unknown}
 J - 3 scrolls of magic mapping
 M - a scroll of fog {unknown}
Potions
 c - a potion of magic
 j - a potion of brilliance
 l - 2 potions of flight
 q - a potion of mutation
 w - a potion of resistance {unknown}
 G - a potion of invisibility {unknown}
 L - 2 potions of cancellation {unknown}
 N - a potion of ambrosia {unknown}
Miscellaneous
 a - 2 boxes of beasts
 U - a fan of gales
Comestibles
 d - 17 rations


   Skills:
 + Level 8.6 Fighting
 + Level 9.4 Dodging
 + Level 9.6 Stealth
 * Level 12.3 Unarmed Combat
 + Level 7.0 Spellcasting
 - Level 1.0 Hexes
 - Level 2.2 Summonings
 - Level 2.0 Necromancy
 + Level 9.1 Transmutations
 - Level 2.0 Ice Magic
   Level 1.0 Air Magic
   Level 2.0 Earth Magic
 - Level 2.1 Poison Magic
 - Level 4.0 Invocations
 - Level 2.1 Evocations


You had 9 spell levels left.
You knew the following spells:

 Your Spells              Type           Power        Failure   Level  Hunger
a - Summon Ice Beast      Ice/Summ       ###.....     85%         4    ###....
b - Sticks to Snakes      Tmut           ######..     16%         2    None
c - Spider Form           Tmut/Pois      #####.....   32%         3    #......
d - Animate Skeleton      Necr           N/A          38%         1    None
e - Apportation           Tloc           #.....       54%         1    None
f - Blade Hands           Tmut           ######....   45%         5    #####..
g - Confusing Touch       Hex            ##....       45%         1    None

Your spell library contained the following spells:

 Spells                   Type           Power        Failure   Level  Hunger
 Conjure Flame            Conj/Fire      ##......     78%         3    #......
 Throw Frost              Conj/Ice       ##....       54%         2    None
 Freezing Cloud           Conj/Ice/Air   ##........   100%        6    ######.
 Mephitic Cloud           Conj/Pois/Air  ##......     69%         3    #......
 Ring of Flames           Chrm/Fire      ##........   100%        7    #######
 Summon Small Mammal      Summ           ###.         36%         1    None
 Freeze                   Ice            ###.         38%         1    None
 Ozocubu's Armour         Chrm/Ice       ##......     69%         3    #......
 Ice Form                 Ice/Tmut       #####...     54%         4    ###....
 Throw Icicle             Conj/Ice       ##......     92%         4    ###....
 Ensorcelled Hibernation  Hex/Ice        ###...       50%         2    None
 Beastly Appendage        Tmut           ######       13%         1    None
 Poisonous Vapours        Pois/Air       ###...       50%         2    None


Dungeon Overview and Level Annotations

Branches:
Dungeon (13/15)            Temple (0/1) D:5            Lair (2/6) D:11
    Orc (2/2) D:9             Elf (0/3) Orc:2
  Swamp: Lair:2-4    Shoals: Lair:2-4     Snake: Lair:2-4    Spider: Lair:2-4
 Vaults: D:13-14

Altars:
Fedhas
Makhleb
Ru
Wu Jian
Xom
The Shining One

Shops:
Orc:2 %=([*

Annotations:
D:4 exclusion: oklob plant
D:8 1 runed door, Gastronok; kirsanium's ghost, novice GnWn
Lair:1 1 runed door, Deathmic's ghost, journeyman MiBe
Orc:2 Saint Roka


Innate Abilities, Weirdness & Mutations

You cannot wear most types of armour.
You are very stealthy in the water. (Stealth+)
You are amphibious.
You can wear up to eight rings at the same time.
You can use your tentacles to constrict eight enemies at once.
Your skin changes colour to match your surroundings (Stealth+).
Your rubbery body absorbs attacks. (AC +1, EV +1)
One of your tentacles bears a spike.
You are partially covered in thin metallic scales. (AC +2)
You are agile. (Dex +2)
Your magical capacity is low. (-10% MP)
Your muscles are strong. (Str +2)
Your spells are a little harder to cast, but a little more powerful.


Message History

Unknown command.
Unknown command.
Unknown command.
Casting: Blade Hands (very dangerous; 45% risk of failure)
Confirm with . or Enter, or press ? or * to list all spells.
Okay, then.
Okay, then.
Unknown command.
Okay, then.
Unknown command.
Press: ? - help, v - describe, . - travel
Here: Saint Roka, wielding a glaive and wearing a shiny plate armour (almost dead)
The floor.
Unknown command.
As you read the scroll labeled OBLUPHIYPS, it crumbles to dust.
The creatures around you are filled with an inner flame!
It was a scroll of immolation.
Saint Roka invokes the aid of Beogh against you.
Beogh smites you!
You die...

#..................))..........
#..............#...[...P....8..
#............#....#.......∩...
##................)##.........
##.............[...###.......P.
#...................###.o......
##...8..∩..8.........<#....P...
#........(...........o.##....(.
#.............@....[..###)..(..
#.<..................####o.....
##........#...#.......#........
##..............#........o.....
#.......................[#.....
##..............#.....)[(#.....
##...............#....)<#......
#....#................####.#...
#.....#................# ####.#


You could see Saint Roka (inner flame).

Vanquished Creatures
  An orc warlord (Orc:1)
  Azrael (Orc:1)
  An ettin (Orc:2)
  Josephine (D:11)
  2 two-headed ogres
  Erica (Lair:2)
  5 orc knights
  2 ugly things
  3 orc sorcerers
  2 deep elf magi (D:12)
  A cyclops (D:8)
  A black mamba (Lair:1)
  Maurice (Orc:1)
  4 spiny frogs
  2 gargoyles
  A freezing wraith (D:12)
  A meliai (D:12)
  6 trolls
  A hornet (D:11)
  6 blink frogs
  3 wyverns
  A redback (D:12)
  A tarantella (D:12)
  3 wraiths
  A basilisk (shapeshifter) (D:12)
  5 fire elementals (Orc:1)
  A hungry ghost (D:10)
  4 wargs
  A porcupine (Lair:2)
  3 hell hounds
  2 sky beasts
  38 orc warriors
  2 black bears
  An ice beast (D:11)
  A necrophage (D:10)
  11 ogres
  3 wolves (Lair:1)
  6 centaurs
  A big kobold (D:10)
  A crocodile (Lair:1)
  10 bullfrogs
  A gnoll sergeant (D:6)
  A water moccasin zombie (D:8)
  4 scorpions
  A wyvern skeleton (D:12)
  3 wights (D:10)
  4 howler monkeys
  4 crimson imps
  A quasit (D:11)
  A bullfrog zombie (D:9)
  Crazy Yiuf (D:6)
  4 hounds
  3 jellies
  A gnoll shaman (D:9)
  19 orc priests
  17 orc wizards
  Jessica (D:2)
  A centaur skeleton (D:8)
  Ijyb (D:5)
  Terence (D:3)
  5 bullfrog skeletons
  Natasha (D:2)
  3 iguanas
  5 worker ants
  A hound zombie (D:11)
  2 worker ant zombies
  Robin (D:2)
  14 gnolls
  13 adders
  A shadow imp (D:9)
  2 oozes (D:6)
  An adder zombie (D:6)
  6 worms
  2 dart slugs (D:3)
  4 leopard geckos
  89 orcs
  A ball python (D:4)
  7 bats
  4 giant cockroaches
  14 goblins
  4 hobgoblins
  6 jackals
  7 kobolds
  3 quokkas
  2 frilled lizards
  A leopard gecko zombie (D:6)
  2 quokka skeletons
  8 rats
  A fungus (D:6)
421 creatures vanquished.

Vanquished Creatures (collateral kills)
  A two-headed ogre (D:8)
  An orc knight (Orc:2)
  2 orc sorcerers (Orc:2)
  A gargoyle (D:12)
  A komodo dragon (Lair:2)
  A troll (Orc:1)
  A hippogriff (Lair:2)
  A redback (D:12)
  2 wraiths
  A wyvern (Lair:2)
  A spriggan (Lair:2)
  A vampire mosquito (D:12)
  A warg (Orc:2)
  A porcupine (Lair:1)
  5 orc warriors
  A wolf (Lair:2)
  3 ogres
  2 killer bees (D:12)
  A crimson imp (D:12)
  An orc priest (Orc:1)
  4 orc wizards
  8 orcs
  A fungus (Lair:2)
42 creatures vanquished.

Vanquished Creatures (others)
  A merfolk (D:10)
  A blink frog (Lair:1)
  A water moccasin (Lair:1)
  An ice beast (D:10)
  A killer bee (D:12)
  A howler monkey (D:7)
  An orc wizard (Orc:2)
  An iguana (D:6)
  A worker ant zombie (D:7)
  A gnoll (D:6)
  4 orcs
  10 fungi
  3 plants (D:8)
27 creatures vanquished.

Grand Total: 490 creatures vanquished

Notes
Turn   | Place    | Note
-------+----------+-------------------------------------------
     0 | D:1      | iamserjio the Octopode Wanderer began the quest for the Orb.
     0 | D:1      | iamserjio set off with: a box of beasts, a +0 club, a ration
     0 | D:1      | Reached XP level 1. HP: 11/11 MP: 4/4
   304 | D:1      | Reached skill level 1 in Dodging
   304 | D:1      | Reached XP level 2. HP: 5/18 MP: 6/6
   309 | D:1      | Reached skill level 1 in Stealth
   918 | D:2      | Noticed Natasha
  1355 | D:2      | Reached skill level 1 in Fighting
  1427 | D:2      | Reached XP level 3. HP: 23/23 MP: 7/7
  2059 | D:2      | Reached XP level 4. HP: 28/28 MP: 8/8
  2105 | D:2      | Killed Natasha
  2450 | D:2      | Noticed Robin
  2476 | D:2      | Killed Robin
  2632 | D:2      | Reached XP level 5. HP: 33/34 MP: 9/9
  2662 | D:2      | Noticed Jessica
  2668 | D:2      | Killed Jessica
  3004 | D:3      | Noticed Terence
  3035 | D:3      | Killed Terence
  3295 | D:3      | Found a glowing golden altar of the Shining One.
  3302 | D:3      | Found a sacrificial altar of Ru.
  3302 | D:3      | Found a shimmering altar of Xom.
  3302 | D:3      | Found a burning altar of Makhleb.
  3306 | D:3      | Found an ornate altar of the Wu Jian Council.
  3842 | D:4      | Reached XP level 6. HP: 25/41 MP: 10/10
  4030 | D:4      | Found a blossoming altar of Fedhas.
  4523 | D:4      | Noticed an oklob plant
  4608 | D:3      | Became a worshipper of Makhleb the Destroyer
  4652 | D:5      | Entered Level 5 of the Dungeon
  4834 | D:5      | Found a staircase to the Ecumenical Temple.
  4853 | D:5      | Noticed Ijyb
  4903 | D:5      | Reached XP level 7. HP: 38/46 MP: 11/11
  4937 | D:5      | Reached skill level 5 in Dodging
  4937 | D:5      | Reached skill level 5 in Stealth
  5039 | D:5      | Killed Ijyb
  5739 | D:6      | Reached XP level 8. HP: 9/54 MP: 12/12
  6133 | D:6      | Reached * piety under Makhleb
  6343 | D:6      | Found a glowing golden altar of the Shining One.
  7131 | D:6      | Reached skill level 5 in Fighting
  7380 | D:6      | Found a runed door.
  7384 | D:6      | Noticed Crazy Yiuf
  7481 | D:6      | Killed Crazy Yiuf
  7575 | D:6      | Learned a level 4 spell: Summon Ice Beast
  7645 | D:7      | Reached XP level 9. HP: 36/61 MP: 13/13
  7651 | D:7      | Reached ** piety under Makhleb
  7863 | D:7      | Reached skill level 1 in Ice Magic
  8096 | D:7      | Learned a level 2 spell: Sticks to Snakes
  8266 | D:7      | Reached skill level 1 in Unarmed Combat
  8422 | D:7      | Reached skill level 1 in Transmutations
  8656 | D:8      | Noticed a two-headed ogre
  8685 | D:8      | Found a runed door.
  8685 | D:8      | Noticed kirsanium's ghost (novice GnWn)
  8687 | D:8      | Noticed a polar bear
  8770 | D:8      | Noticed a cyclops
  8821 | D:8      | Found a sand-covered staircase.
  8973 | D:8      | Learned a level 3 spell: Spider Form
  9092 | D:8      | Reached skill level 2 in Unarmed Combat
  9330 | D:8      | Noticed Gastronok
  9455 | D:8      | Reached skill level 3 in Unarmed Combat
  9516 | D:8      | Killed a cyclops
  9700 | D:8      | Killed a two-headed ogre
  9700 | D:8      | Reached skill level 5 in Unarmed Combat
  9700 | D:8      | Reached XP level 10. HP: 60/69 MP: 4/16
 10052 | D:9      | Found a staircase to the Orcish Mines.
 11074 | D:10     | Entered Level 10 of the Dungeon
 11212 | D:10     | Reached *** piety under Makhleb
 11212 | D:10     | Reached skill level 6 in Unarmed Combat
 11658 | D:10     | Noticed a gargoyle
 11671 | D:10     | Killed a gargoyle
 11941 | D:10     | Reached skill level 1 in Invocations
 12349 | D:10     | Reached skill level 7 in Unarmed Combat
 13025 | D:11     | Found a staircase to the Lair.
 13064 | Lair:1   | Entered Level 1 of the Lair of Beasts
 13072 | Lair:1   | Reached skill level 1 in Poison Magic
 13227 | Lair:1   | Noticed a spiny frog
 13446 | Lair:1   | Noticed a spiny frog
 13447 | Lair:1   | Noticed a black mamba
 13455 | Lair:1   | Killed a black mamba
 13455 | Lair:1   | Reached skill level 5 in Transmutations
 13583 | Lair:1   | Reached XP level 11. HP: 75/75 MP: 8/17
 13767 | Lair:1   | Found a runed door.
 13769 | Lair:1   | Noticed Deathmic's ghost (journeyman MiBe)
 13781 | Lair:1   | Reached skill level 8 in Unarmed Combat
 14309 | Lair:1   | You fall through a shaft!
 14525 | Lair:2   | Reached skill level 9 in Unarmed Combat
 14552 | Lair:2   | Noticed Erica
 14661 | Lair:2   | Killed Erica
 14669 | Lair:2   | Reached **** piety under Makhleb
 15343 | D:11     | Noticed Josephine
 15394 | D:11     | HP: 3/75 [hellwing[the player character] (13)]
 15915 | D:11     | Gained mutation: Scrolls take you a little longer to read. [mutagenic glow]
 15916 | D:11     | Learned a level 1 spell: Animate Skeleton
 15918 | D:11     | Learned a level 1 spell: Apportation
 15966 | D:11     | Gained mutation: You are frail. (-10% HP) [mutagenic glow]
 16004 | D:11     | Gained mutation: Scrolls take you longer to read. [mutagenic glow]
 16085 | D:11     | Lost mutation: Scrolls take you longer to read. [potion of mutation]
 16085 | D:11     | Lost mutation: Scrolls take you a little longer to read. [potion of mutation]
 16085 | D:11     | Gained mutation: You tend to lose your temper in combat. [potion of mutation]
 16085 | D:11     | Gained mutation: You are very frail. (-20% HP) [potion of mutation]
 16085 | D:11     | Gained mutation: You are partially covered in thin metallic scales. (AC +2) [potion of mutation]
 16086 | D:11     | Lost mutation: You are very frail. (-20% HP) [potion of mutation]
 16086 | D:11     | Lost mutation: You tend to lose your temper in combat. [potion of mutation]
 16086 | D:11     | Gained mutation: Your spells are a little harder to cast, but a little more powerful. [potion of mutation]
 16086 | D:11     | Gained mutation: You are agile. (Dex +2) [potion of mutation]
 16086 | D:11     | Gained mutation: You are resistant to hostile enchantments. (MR+) [potion of mutation]
 16087 | D:11     | Lost mutation: You are frail. (-10% HP) [potion of mutation]
 16087 | D:11     | Lost mutation: You are resistant to hostile enchantments. (MR+) [potion of mutation]
 16087 | D:11     | Gained mutation: One of your tentacles bears a spike. [potion of mutation]
 16087 | D:11     | Gained mutation: Your magical capacity is low. (-10% MP) [potion of mutation]
 16087 | D:11     | Gained mutation: Your muscles are strong. (Str +2) [potion of mutation]
 16413 | D:11     | Reached skill level 1 in Necromancy
 16463 | D:11     | Noticed a two-headed ogre
 16470 | D:11     | Killed a two-headed ogre
 16482 | D:11     | Reached skill level 10 in Unarmed Combat
 16599 | D:11     | Killed Josephine
 16708 | D:11     | Noticed a brown ugly thing
 16719 | D:11     | Killed a brown ugly thing
 16719 | D:11     | Reached skill level 5 in Spellcasting
 16719 | D:11     | Reached XP level 12. HP: 81/81 MP: 17/17
 16888 | D:12     | Noticed a two-headed ogre
 16897 | D:12     | Killed a two-headed ogre
 17230 | D:12     | Learned a level 5 spell: Blade Hands
 17864 | D:12     | Reached skill level 11 in Unarmed Combat
 18833 | D:12     | Learned a level 1 spell: Confusing Touch
 18867 | D:13     | Noticed a two-headed ogre
 19055 | Orc:1    | Entered Level 1 of the Orcish Mines
 19784 | D:9      | Reached ***** piety under Makhleb
 20301 | Orc:2    | Entered Level 2 of the Orcish Mines
 20301 | Orc:2    | Noticed Azrael
 20549 | Orc:1    | Reached XP level 13. HP: 63/88 MP: 20/20
 20654 | Orc:2    | Noticed Maurice
 20948 | Orc:1    | Killed Maurice
 20958 | Orc:1    | Killed Azrael
 21274 | Orc:2    | Found Soduiqirph's General Store.
 21477 | Orc:2    | Found Bajan's Food Shop.
 22153 | Orc:2    | Reached skill level 12 in Unarmed Combat
 22165 | Orc:2    | Found Mutza's Jewellery Emporium.
 22311 | Orc:2    | Found a staircase to the Elven Halls.
 22317 | Orc:2    | Noticed an ettin
 22331 | Orc:2    | Killed an ettin
 22376 | Orc:2    | Found Loack's Antique Weapon Shoppe.
 22552 | Orc:2    | Noticed an orc warlord
 22735 | Orc:1    | Killed an orc warlord
 23054 | Orc:2    | Found Cuopliwk's Antique Armour Emporium.
 23097 | Orc:2    | Bought a potion of mutation for 120 gold pieces
 23097 | Orc:2    | Bought a potion of curing for 45 gold pieces
 23097 | Orc:2    | Bought 23 arrows for 69 gold pieces
 23112 | Orc:2    | Noticed Saint Roka
 23709 | Orc:2    | Killed from afar by Saint Roka

Vault maps used:
D:1:      dpeg_arrival_rhombus
D:2:      chequers_big_river, uniq_jessica, uniq_natasha, uniq_robin
D:3:      minitemple, wad_floor_pattern_1, uniq_terence
D:4:      tgw_fedhas, kennysheep_big_empty_room
D:5:      minmay_temple_entry_statues_pillars, first_ration,
          serial_co_window_serial, co_window_paths_b, co_window_paths_b,
          co_window_paths_a, co_window_paths_a, co_window_paths_a,
          co_window_paths_b, co_window_of_opportunity_b,
          co_window_unsneaky_path_c, co_window_of_opportunity_c,
          co_window_corner_ca, co_window_2corner, co_window_paths_c,
          glass_columns_b, glass_columns_c, uniq_ijyb
D:6:      nicolae_tso_carved_into_rock, uniq_crazy_yiuf_cottage
D:8:      enter_ossuary_3, ebering_ghost_funeral_grove, uniq_gastronok
D:9:      orc_0_dummy, kennysheep_generic_room_15
D:10:     hangedman_stone_soup
D:11:     lair_entry_dummy, uniq_josephine
D:12:     minmay_tri_box
D:13:     lemuel_slime, palyth_stone_intersect, aerie_lemuel
Lair:1:   gammafunk_ghost_grave
Lair:2:   grunt_forest_stairs_clearing, uniq_erica
Orc:2:    grunt_orc_gardens, grunt_orc_garden, grunt_orc_garden,
          grunt_orc_garden, grunt_orc_garden, serial_shops, shop_statue,
          uniq_saint_roka, uniq_azrael, uniq_maurice

Skill      XL: |  1  2  3  4  5  6  7  8  9 10 11 12 13 |
---------------+----------------------------------------+-----
Dodging        | 1 2 3 4 6 7 8 9 |  9.4
Stealth        | 1 2 3 4 6 7 8 9 |  9.6
Fighting       | 1 2 3 4 5 6 7 8 |  8.6
Summonings     | 2 |  2.2
Ice Magic      | 1 2 |  2.0
Unarmed Combat | 5 7 10 11 12 | 12.3
Transmutations | 3 5 7 8 9 |  9.1
Spellcasting   | 4 5 6 7 |  7.0
Invocations    | 2 4 |  4.0
Poison Magic   | 2 |  2.1
Necromancy     | 2 |  2.0
Hexes          | |  1.0
Air Magic      | |  1.0
Earth Magic    | |  2.0
Evocations     | |  2.1

Action                   |  1- 3 |  4- 6 |  7- 9 | 10-12 | 13-15 || total
-------------------------+-------+-------+-------+-------+-------++-------
Melee: Club              |    58 |    18 |       |       |       ||    76
       Constrict         |    17 |    31 |    54 |    79 |    10 ||   191
       Tentacles         |    12 |    29 |    48 |   104 |    16 ||   209
       Spear             |       |    14 |       |       |       ||    14
       Unarmed           |       |    13 |       |   437 |   250 ||   700
       Dagger            |       |    83 |       |       |       ||    83
       Quarterstaff      |       |    17 |   252 |   244 |       ||   513
       Punch             |       |       |     3 |    29 |     6 ||    38
       Kick              |       |       |       |   105 |    20 ||   125
Throw: Stone             |       |       |     2 |    17 |     3 ||    22
 Cast: Sticks to Snakes  |       |       |     6 |    45 |    34 ||    85
       Spider Form       |       |       |       |    15 |    17 ||    32
       Animate Skeleton  |       |       |       |     6 |     2 ||     8
       Blade Hands       |       |       |       |       |     1 ||     1
Invok: Lesser Servant of |       |       |       |     8 |     9 ||    17
Evoke: Wand              |       |       |     9 |    14 |    10 ||    33
  Use: Potion            |       |     2 |     1 |     9 |     2 ||    14
       Scroll            |       |       |     9 |     8 |     4 ||    21
 Stab: Sleeping          |     6 |    13 |     9 |    22 |       ||    50
       Distracted        |       |       |     1 |     2 |     4 ||     7
       Paralysed         |       |       |    10 |     8 |     3 ||    21
  Eat: Chunk             |     3 |     9 |    15 |    28 |     4 ||    59
       Ration            |       |       |       |     4 |     2 ||     6
Armor: Skin              |    16 |    15 |     8 |    56 |     6 ||   101
Dodge: Dodged            |    38 |    80 |   187 |   770 |   335 ||  1410

Table legend:
 A = Spawn XP
 B = Non-spawn XP
 C = Spawn XP percentage of total XP
 D = Spawn monster count
 E = Non-spawn monster count
 F = Spawn count percentage of total count
 G = Total turns spent on level
                    A         B        C        D         E        F      G
               +---------+---------+-------+---------+---------+-------+---------
         Total |       0 |   44491 |   0.0 |       0 |     472 |   0.0 | 23709
               +---------+---------+-------+---------+---------+-------+---------
           D:1 |       0 |      11 |   0.0 |       0 |       7 |   0.0 |   974
           D:2 |       0 |     209 |   0.0 |       0 |      36 |   0.0 |  1973
           D:3 |       0 |      78 |   0.0 |       0 |      16 |   0.0 |   900
           D:4 |       0 |     180 |   0.0 |       0 |       8 |   0.0 |   805
           D:5 |       0 |     649 |   0.0 |       0 |      24 |   0.0 |  1270
           D:6 |       0 |    1064 |   0.0 |       0 |      43 |   0.0 |  1695
           D:7 |       0 |     925 |   0.0 |       0 |      20 |   0.0 |  1038
           D:8 |       0 |    2015 |   0.0 |       0 |       8 |   0.0 |  1309
           D:9 |       0 |    2629 |   0.0 |       0 |      57 |   0.0 |  2023
          D:10 |       0 |    1911 |   0.0 |       0 |      34 |   0.0 |  1766
          D:11 |       0 |    4094 |   0.0 |       0 |      17 |   0.0 |  1745
          D:12 |       0 |    6654 |   0.0 |       0 |      47 |   0.0 |  2173
        Lair:1 |       0 |    3898 |   0.0 |       0 |      18 |   0.0 |  1879
        Lair:2 |       0 |    2861 |   0.0 |       0 |      11 |   0.0 |   378
         Orc:1 |       0 |    9997 |   0.0 |       0 |      71 |   0.0 |  2784
         Orc:2 |       0 |    7316 |   0.0 |       0 |      55 |   0.0 |   993
               +---------+---------+-------+---------+---------+-------+---------
